 Dungeon Crawl Stone Soup version 0.26.1-11-gd32895ea62 (webtiles) character file.

Game seed: 8067426449422431107

282 H0rd4k the Insei (level 6, 0/38 HPs)
             Began as an Octopode Transmuter on July 9, 2021.
             Succumbed to a worker ant's poison
             ... on level 3 of the Dungeon.
             The game lasted 00:03:00 (3342 turns).

H0rd4k the Insei (Octopode Transmuter)              Turns: 3342, Time: 00:03:01

Health: 0/38       AC:  1    Str:  9    XL:     6   Next: 28%
Magic:  9/10       EV: 14    Int: 18    God:
Gold:   176        SH:  0    Dex: 12    Spells: 4/10 levels left

rFire    + + .     SeeInvis .     - Unarmed
rCold    x . .     Faith    .   (no shield)
rNeg     . . .     Spirit   .   (helmet restricted)
rPois    .         Reflect  .   (no amulet)
rElec    .         Harm     .   f - ring of fire
rCorr    .         Rampage  .   i - ring of protection from fire
Will     .....                  (no ring)
Stlth    ++........             (no ring)
HPRegen  0.12/turn              (no ring)
MPRegen  0.12/turn              (no ring)
                                (no ring)
                                (no ring)

@: mighty, lethally poisoned (0 -> -4), flying, very slightly contaminated,
hasted, invisible, very quick
A: almost no armour, stealthy swim, amphibious, 8 rings, constrict 8, camouflage
1, gelatinous body 1
a: no special abilities


You were on level 3 of the Dungeon.
You visited 1 branch of the dungeon, and saw 3 of its levels.

You collected 176 gold pieces.

Inventory:

Missiles
 g - 20 poisoned darts
Jewellery
 f - a ring of fire (left tentacle)
 i - a ring of protection from fire (right tentacle)
Scrolls
 a - 3 scrolls of identify {unknown}
 b - a scroll of remove curse
 h - a scroll of blinking {unknown}
 l - a scroll of fear {unknown}
 m - a scroll of enchant weapon {unknown}
Potions
 k - a potion of invisibility
 p - a potion of haste


   Skills:
 + Level 1.3 Fighting
 + Level 2.9 Dodging
 + Level 4.8 Unarmed Combat
 * Level 2.9 Spellcasting
 * Level 0.6 Translocations
 * Level 3.3 Transmutations
 - Level 1.3 Poison Magic


You had 4 spell levels left.
You knew the following spells:

 Your Spells              Type           Power        Failure   Level
a - Beastly Appendage     Tmut           28%          4%          1
b - Spider Form           Tmut/Pois      5%           19%         3
c - Blink                 Tloc           N/A          19%         2

Your spell library contained the following spells:

 Spells                   Type           Power        Failure   Level
 Wereblood                Tmut           14%          6%          2
 Magic Dart               Conj           8%           17%         1
 Call Imp                 Summ           2%           26%         2
 Slow                     Hex            2%           26%         2
 Mephitic Cloud           Conj/Pois/Air  4%           38%         3
 Conjure Flame            Conj/Fire      3%           45%         3
 Ice Form                 Ice/Tmut       8%           63%         4
 Blade Hands              Tmut           7%           75%         5


Dungeon Overview and Level Annotations

Branches:
Dungeon (3/15)

Altars:
Dithmenos
Gozag
Yredelemnul

Annotations:
D:3 1 runed translucent door


Innate Abilities, Weirdness & Mutations

You cannot wear most types of armour.
You are very stealthy in the water. (Stealth+)
You are amphibious.
You can wear up to eight rings at the same time.
You can use your tentacles to constrict eight enemies at once.
Your skin changes colour to match your surroundings (Stealth+).
Your rubbery body absorbs attacks. (AC +1, EV +1)


Message History

* * * LOW HITPOINT WARNING * * *
You feel sick.
As you read the scroll labelled CEIGI PETSI, it crumbles to dust.
It is a scroll of enchant armour.
You aren't carrying any armour which can be enchanted further.
As you read the scroll labelled ICOAVU NESE, it crumbles to dust.
The scroll dissolves into smoke.
It was a scroll of fog.
As you read the scroll labelled VIUXUCZ SUESE, it crumbles to dust.
You hear a loud clanging noise!
It was a scroll of noise.
* * * LOW HITPOINT WARNING * * *
You feel sick.
You hear a shout! x2; You hear an angry hiss.
As you read the scroll labelled IMIGGU SISOO, it crumbles to dust.
You feel aware of your surroundings.
You sensed 1 altar.
It was a scroll of magic mapping.
Okay, then.
As you read the scroll labelled KESMEPN YRCHAD, it crumbles to dust.
You feel blessed for a moment.
It was a scroll of remove curse.
You die...

.##....................#..#****,,
.##..#.................#..# ***
.......#.####.........#.#.# *≈*
###......# #...####.###).# *,*
##.##### #...# #.# ##.#####≈*
####.# #.^.# #.####.....#≈*
.....# #§§§# #......)...#≈*
######*** ###§§§#########.#.#.#≈#
*,,,,,* #..§§§@.....# #.###,#+#
**,***,**#†##§§#.###.# #.#**,,..
*,,.......†.####.#**,**#..,,,,,.
*,,#.#.......#,,..,*,,,.##******
*,,.....##..##,*.##*,**.*
*,*.....,...>*,,_.,*,**.*
*,*.#..,*.#..#**.#,*,**,*
*,*,#.,,*.*[##,,..,****,**
*,,,..,,..,..***,*****,,,**


There were no monsters in sight!

Vanquished Creatures
  An ogre (D:3)
  2 worker ants (D:3)
  6 adders (D:2)
  2 worms (D:3)
  2 dart slugs
  A leopard gecko (D:1)
  3 orcs (D:3)
  7 bats
  3 giant cockroaches (D:2)
  10 goblins
  5 hobgoblins
  11 jackals
  9 kobolds
  3 quokkas
  4 ball pythons
  4 frilled lizards
  6 rats
79 creatures vanquished.

Notes
Turn   | Place    | Note
-------+----------+-------------------------------------------
     0 | D:1      | H0rd4k the Octopode Transmuter began the quest for the Orb.
     0 | D:1      | Reached XP level 1. HP: 13/13 MP: 3/3
   178 | D:1      | Reached XP level 2. HP: 13/18 MP: 5/5
   908 | D:1      | Reached XP level 3. HP: 23/23 MP: 6/6
   912 | D:1      | Learned a level 3 spell: Spider Form
  1457 | D:2      | Found a shadowy altar of Dithmenos.
  1676 | D:2      | Reached skill level 4 in Unarmed Combat
  1676 | D:2      | Reached XP level 4. HP: 17/28 MP: 7/7
  2091 | D:2      | Found a basalt altar of Yredelemnul.
  2546 | D:3      | Reached XP level 5. HP: 33/33 MP: 8/8
  2928 | D:3      | Found a runed translucent door.
  2933 | D:3      | Noticed an ogre
  2947 | D:3      | Killed an ogre
  2948 | D:3      | Reached skill level 1 in Poison Magic
  2990 | D:3      | Learned a level 2 spell: Blink
  3004 | D:3      | Reached XP level 6. HP: 38/38 MP: 6/10
  3336 | D:3      | HP: 1/38 [poisoned by a worker ant]
  3342 | D:3      | Found an opulent altar of Gozag.
  3342 | D:3      | Succumbed to a worker ant's poison

Illustrated notes

Levels and vault maps discovered:
D:1:      saegor_arrival_simple_a, layout_basic
D:2:      layout_loops_cross, nicolae_dithmenos_through_a_glass_darkly,
          marbit_many_paths, minivault_26
D:3:      layout_loops_cross, ebering_ghost_sewer_d,
          nicolae_gozag_cash_rules_everything_around_me, uniq_purgy

Skill      XL: |  1  2  3  4  5 |
---------------+----------------+-----
Unarmed Combat | 4 |  4.8
Transmutations | 3 |  3.3
Poison Magic   | 1 |  1.3
Fighting       | |  1.3
Dodging        | |  2.9
Spellcasting   | |  2.9
Translocations | |  0.6

Action                   |  1- 3 |  4- 6 || total
-------------------------+-------+-------++-------
Melee: Unarmed           |   103 |   105 ||   208
       Constrict         |    28 |    26 ||    54
       Tentacles         |    13 |    13 ||    26
       Punch             |     1 |     3 ||     4
 Cast: Spider Form       |       |     5 ||     5
 Abil: End Transformatio |       |     1 ||     1
  Use: Scroll            |       |     5 ||     5
       Potion            |       |     4 ||     4
 Stab: Sleeping          |    10 |     4 ||    14
Armor: Skin              |     8 |     7 ||    15
Dodge: Dodged            |    61 |    67 ||   128
